AoeStats
← Jay

MegaRandom

510058329Analyzed
3v3 RM · 2d ago on Sep 29, 2026· 61m 36s· 6 players
Game mode
Random Map
Map size
Normal (6 player)
Population
200
Speed
Normal
Resources
Standard
Victory
Conquest
Starting age
Dark Age
Ending age
Imperial Age
RankedLock teamsTeams togetherTeam positionsShared explorationLock speedFull tech treeHidden civsTurbo modeCheats
Victory
Defeat
🇹🇼 Danes · Taiwan
1097
+10
🇬🇧 Berbers · United Kingdom
1018
+13
🇳🇱 Portuguese · Netherlands
892
+17
🇦🇺 Huns · Australia
995
-15
🇦🇺 Malay · Australia
938
-13
🇦🇺 Vietnamese · Australia
907
-12
Jack
4:43 Loom
11:13 Feudal Age
11:58 Double-Bit Axe
11:56 Horse Collar
12:54 Arson
15:06 Wheelbarrow
14:18 Town Watch
21:41 Castle Age
20:26 Stone Mining
20:27 Gold Mining
21:27 Gold Mining
23:56 Elite Skirmisher
26:36 Hand Cart
26:36 Heavy Plow
26:48 Bow Saw
28:31 Coinage
28:07 Caravan
30:31 Pikeman
33:29 Squires
42:44 Imperial Age
41:56 Fortified Wall
42:09 Ballistics
46:43 Murder Holes
50:21 Imperial Age
49:14 Guard Tower
51:40 Keep
52:11 Chemistry
52:41 Two-Man Saw
52:20 Paper Money
52:29 Paper Money
Jay
0:28 Loom
10:03 Feudal Age
11:19 Wheelbarrow
10:31 Double-Bit Axe
10:28 Horse Collar
16:53 Scale Barding Armor
22:30 Castle Age
21:56 Forging
21:59 Bloodlines
22:31 Gold Mining
22:32 Stone Mining
23:38 Hand Cart
23:49 Heavy Plow
27:01 Marauders
28:16 Iron Casting
28:59 Bow Saw
32:57 Husbandry
35:41 Chain Barding Armor
36:03 Caravan
39:13 Imperial Age
40:15 Elite Tarkan
42:13 Blast Furnace
43:31 Plate Barding Armor
42:55 Murder Holes
45:14 Fletching
46:10 Heavy Cavalry Archer
48:40 Parthian Tactics
48:20 Thumb Ring
52:06 Bodkin Arrow
53:33 Bracer
PetForMeows
11:13 Feudal Age
10:10 Loom
11:09 Double-Bit Axe
12:52 Wheelbarrow
12:47 Man-at-Arms
13:14 Arson
13:43 Fishing Lines
19:17 Loom
19:19 Town Watch
22:12 Castle Age
21:32 Fletching
21:44 Padded Archer Armor
22:23 Bow Saw
22:03 Horse Collar
22:20 Elite Skirmisher
24:51 Thumb Ring
25:09 Heavy Plow
25:39 Medium Warships
25:22 Gillnets
26:07 Hand Cart
27:42 Ballistics
27:18 Murder Holes
28:23 Town Patrol
29:43 Forging
29:30 Bodkin Arrow
31:15 Thalassocracy
32:06 Iron Casting
31:50 Leather Archer Armor
31:53 Squires
32:20 Long Swordsman
36:33 Imperial Age
35:28 Capped Ram
37:24 Blast Furnace
36:07 Pikeman
37:22 Conscription
37:30 Imperial Skirmisher
39:17 Guilds
39:25 Halberdier
40:25 Bracer
43:44 Ring Archer Armor
43:12 Elite Karambit Warrior
48:16 Crop Rotation
Brutalist Ape
1:12 Loom
11:31 Feudal Age
19:19 Castle Age
17:29 Double-Bit Axe
17:45 Horse Collar
19:02 Fletching
19:05 Stone Mining
19:46 Padded Archer Armor
19:51 Town Watch
20:52 Crossbowman
26:53 Ballistics
26:56 Thumb Ring
36:04 Imperial Age
34:10 Wheelbarrow
33:56 Bow Saw
34:02 Heavy Plow
35:22 Bloodlines
35:12 Husbandry
37:02 Scale Barding Armor
36:25 Cavalier
38:01 Chain Barding Armor
37:35 Gold Mining
38:45 Conscription
39:19 Forging
40:35 Hand Cart
42:55 Elite Skirmisher
43:43 Squires
45:08 Iron Casting
44:29 Bodkin Arrow
44:50 Leather Archer Armor
47:03 Murder Holes
47:20 Masonry
46:50 Treadmill Crane
48:11 Chemistry
48:24 Kasbah
48:25 Maghrebi Camels
49:01 Hoardings
48:49 Town Patrol
49:31 Gold Shaft Mining
49:30 Crop Rotation
49:06 Elite Camel Archer
53:50 Plate Barding Armor
54:15 Blast Furnace
53:16 Bracer
53:46 Ring Archer Armor
54:22 Siege Engineers
嘿嘿嘿
9:40 Feudal Age
10:30 Double-Bit Axe
12:27 Loom
15:49 Castle Age
14:14 Horse Collar
17:11 Bow Saw
17:41 Stone Mining
24:17 Wheelbarrow
23:27 Town Watch
25:01 Scale Mail Armor
25:35 Heavy Plow
25:28 Gambesons
26:06 Arson
26:34 Gold Mining
27:24 Squires
29:18 Forging
33:15 Imperial Age
31:03 Hand Cart
31:52 Chain Mail Armor
33:08 Iron Casting
32:23 Fletching
33:20 Elite Varangian Guard
34:26 Conscription
35:27 Plate Mail Armor
35:58 Blast Furnace
37:15 Stone Shaft Mining
37:39 Elite Jomsviking
41:28 Gold Shaft Mining
42:54 Bodkin Arrow
43:00 Padded Archer Armor
45:47 Siege Engineers
46:44 Chemistry
45:55 Masonry
46:06 Ballistics
45:41 Murder Holes
47:33 Capped Ram
56:24 Hamask
58:30 Elite Skirmisher
Maximumraver
7:34 Loom
10:34 Feudal Age
11:29 Town Watch
11:55 Double-Bit Axe
13:55 Wheelbarrow
20:10 Castle Age
18:23 Horse Collar
21:18 Town Patrol
21:42 Pikeman
22:30 Scale Mail Armor
22:48 Gold Mining
25:19 Hand Cart
28:25 Bow Saw
28:37 Heavy Plow
34:58 Imperial Age
34:44 Chain Mail Armor
35:26 Capped Ram
36:17 Halberdier
38:16 Plate Mail Armor
37:57 Forging
43:12 Fletching
46:47 Iron Casting
45:49 Onager
57:05 Gambesons
Connection lost

Rejoining the realm…

Still unreachable

The connection could not be restored.

Session expired

The server has moved on; the page needs a fresh start.